 Dungeon Crawl Stone Soup version 0.28-a0-1638-g9123634e07 (webtiles) character file.

Game seed: 5000988251401598511

1659142 numbers123456 the Conqueror (level 26, 266/266 HPs)
             Began as a Minotaur Berserker on Jan 23, 2022.
             Was a High Priest of Trog.
             Escaped with the Orb
             ... and 3 runes on Jan 25, 2022!
             The game lasted 04:18:54 (68976 turns).

numbers123456 the Conqueror (Minotaur Berserker)   Turns: 68976, Time: 04:18:55

Health: 266/266    AC: 50    Str: 39    XL:     26   Next: 1%
Magic:  4/4        EV: 20    Int:  8    God:    Trog [*****.]
Gold:   3795       SH: 33    Dex: 15    Spells: 25/25 levels left

rFire   + + +      SeeInvis +   a - +7 hand axe "Cassiy" {spect, *Noise rF++ rCorr Str+2 Int+4}
rCold   + + .      Faith    .   l - +8 tower shield of Dogmatism {Regen+}
rNeg    + + +      Spirit   .   e - +15 plate armour of Hedging {rF+ MP-9 Str+2}
rPois   +          Reflect  .   q - +0 hat "Arasocya" {rElec rC+ rN+ MP-9 Stlth+}
rElec   +          Harm     .   k - +2 cloak {rCorr}
rCorr   +          Rampage  ∞   K - +2 pair of gloves {Str+3}
Will    +....      Rage     1%  U - +3 pair of seven-league boots {Rampage+∞}
Stlth   ..........              I - dreamshard necklace {*Dream Drain}
HPRegen 1.34/turn               R - ring "Tire" {rElec rPois MP-9 Str+6 Dex+4}
MPRegen 0.09/turn               H - ring of Taoforu {rC+ rN++ rCorr MP+9 Dex+3 SInv}

@: studying 2 skills
A: horns 2, retaliatory headbutt, berserk 1, clumsy 2, dopey 1, weak 2, subdued
magic 1
0: Orb of Zot
}: 3/15 runes: decaying, serpentine, slimy
a: Renounce Religion, Berserk, Trog's Hand, Brothers in Arms


You escaped.
You worshipped Trog.
Trog was extremely pleased with you.
You visited 10 branches of the dungeon, and saw 52 of its levels.
You visited the Abyss 1 time.
You visited 1 bazaar.
You also visited: Trove, Ice Cave and Desolation.

You collected 8286 gold pieces.
You spent 4491 gold pieces at shops.

Inventory:

Hand Weapons
 a - the +7 hand axe "Cassiy" (weapon) {spect, *Noise rF++ rCorr Str+2 Int+4}
   (You found it on level 3 of the Depths)

   When its wielder attacks, the weapon's spirit leaps out and strikes again.
   The spirit shares a part of any damage it takes with its wielder.
   Str:       It affects your strength (+2).
   Int:       It affects your intelligence (+4).
   rF:        It greatly protects you from fire.
   *Noise:    It may make noises in combat.
   rCorr:     It protects you from acid and corrosion.
 b - the +10 hand crossbow of Qec Deuc {venom, rF+}
   (You found it in the Desolation of Salt)

   Any ammunition fired from it poisons the flesh of those it strikes.
   rF:        It protects you from fire.
 d - the +10 broad axe "Caipin" {elec, rC+++ Dex+4}
   (You acquired it on level 2 of the Vaults)

   It occasionally discharges a powerful burst of electricity upon striking a
   foe.
   Dex:       It affects your dexterity (+4).
   rC:        It renders you almost immune to cold.
Missiles
 L - 1022 bolts
Armour
 e - the +15 plate armour of Hedging (worn) {rF+ MP-9 Str+2}
   (You bought it in a shop on level 4 of the Snake Pit)

   Str:       It affects your strength (+2).
   rF:        It protects you from fire.
   MP:        It affects your magic capacity (-9).
 k - a +2 cloak of preservation (worn)
 l - the +8 tower shield of Dogmatism (worn) {Regen+}
   (You acquired it on level 2 of the Vaults)

   Regen:     It increases your rate of health regeneration.
 q - the +0 hat "Arasocya" (worn) {rElec rC+ rN+ MP-9 Stlth+}
   (You acquired it on level 3 of the Depths)

   rC:        It protects you from cold.
   rElec:     It insulates you from electricity.
   rN:        It protects you from negative energy.
   MP:        It affects your magic capacity (-9).
   Stlth:     It makes you more stealthy.
 K - a +2 pair of gloves of strength (worn)
 U - the +3 pair of seven-league boots (worn) {Rampage+∞}
   (You found it in an ice cave)

   Its wearer moves as far as possible in that direction when moving towards
   enemies.
Jewellery
 o - a +4 ring of evasion
 r - the ring "Beffu" {rC+ Str+6 Int-3 Stlth+}
   (You found it on level 2 of the Depths)

   [ring of strength]

   Str:       It affects your strength (+6).
   Int:       It affects your intelligence (-3).
   rC:        It protects you from cold.
   Stlth:     It makes you more stealthy.
 A - the ring of Pyromania {Fly rElec rPois rF- rN+++}
   (You found it on level 5 of the Pits of Slime)

   [ring of poison resistance]

   rF:        It makes you vulnerable to fire.
   rElec:     It insulates you from electricity.
   rPois:     It protects you from poison.
   rN:        It renders you almost immune to negative energy.
   Fly:       It grants you flight.
 B - the ring of the Screaming Oracle {rElec rN+ SInv}
   (You found it in the Desolation of Salt)

   [ring of see invisible]

   rElec:     It insulates you from electricity.
   rN:        It protects you from negative energy.
   SInv:      It lets you see invisible.
 H - the ring of Taoforu (right hand) {rC+ rN++ rCorr MP+9 Dex+3 SInv}
   (You found it in the Desolation of Salt)

   [ring of protection from cold]

   Dex:       It affects your dexterity (+3).
   rC:        It protects you from cold.
   rN:        It greatly protects you from negative energy.
   MP:        It affects your magic capacity (+9).
   SInv:      It lets you see invisible.
   rCorr:     It protects you from acid and corrosion.
 I - the dreamshard necklace (around neck) {*Dream Drain}
   (You found it in the Desolation of Salt)

   [amulet of nothing]

   It shatters if its wearer takes lethal or near-lethal damage, preventing the
   blow and releasing protective dreams that heal and fight for the wearer.
   Drain:     It drains your maximum health when unequipped.
 R - the ring "Tire" (left hand) {rElec rPois MP-9 Str+6 Dex+4}
   (You found it on level 15 of the Dungeon)

   [ring of strength]

   Str:       It affects your strength (+6).
   Dex:       It affects your dexterity (+4).
   rElec:     It insulates you from electricity.
   rPois:     It protects you from poison.
   MP:        It affects your magic capacity (-9).
 Y - the ring "Ewuota" {Will+ rCorr Str+6 Int+2}
   (You found it in the Desolation of Salt)

   [ring of strength]

   Str:       It affects your strength (+6).
   Int:       It affects your intelligence (+2).
   rCorr:     It protects you from acid and corrosion.
   Will:      It increases your willpower.
 Z - a ring of poison resistance
Wands
 c - a wand of charming (28)
 n - a wand of iceblast (47) (quivered)
 G - a wand of polymorph (44)
 M - a wand of paralysis (17)
 Q - a wand of digging (25)
 W - a wand of flame (69)
Scrolls
 h - 6 scrolls of blinking
 i - 2 scrolls of silence
 j - 11 scrolls of enchant weapon
 p - 8 scrolls of immolation
 s - 4 scrolls of summoning
 x - 2 scrolls of holy word
 y - 12 scrolls of enchant armour
 z - 16 scrolls of teleportation
 E - 12 scrolls of fog
 O - 2 scrolls of magic mapping
 T - 5 scrolls of fear
Potions
 f - 7 potions of might
 g - 4 potions of ambrosia
 m - 6 potions of magic
 t - 4 potions of haste
 u - 6 potions of cancellation
 v - 5 potions of mutation
 C - a potion of heal wounds
 F - 22 potions of curing
 J - 9 potions of lignification
 N - 3 potions of flight
 V - 5 potions of invisibility
Miscellaneous
 D - a tin of tremorstones (2/2)
 P - a lightning rod (4/4)
 S - a phantom mirror
 X - a phial of floods


   Skills:
 O Level 27 Fighting
 - Level 23.2 Axes
 - Level 5.0 Bows
 - Level 10.0 Crossbows
 O Level 27 Armour
 - Level 20.8 Dodging
 + Level 26.8 Shields
 - Level 10.0 Evocations


You had 25 spell levels left.
You didn't know any spells.
Your spell library was empty.

Dungeon Overview and Level Annotations

Branches:
Dungeon (15/15)            Temple (0/1) D:6            Lair (6/6) D:10
  Swamp (4/4) Lair:4        Snake (4/4) Lair:2        Slime (5/5) Lair:5
    Orc (2/2) D:9             Elf (3/3) Orc:2        Vaults (4/5) D:13
  Crypt (0/3) Vaults:3     Depths (4/4) D:15            Zot (5/5) Depths:4
  IceCv (visited)         Desolation (visited)

Altars:
Dithmenos
Gozag
Kikubaaqudgha
Okawaru
Ru
Sif Muna
Xom
Yredelemnul
Zin
The Shining One
Lugonu

Shops:
D:3 (   D:9 ?*   Orc:1 :   Orc:2 (*[!   Snake:1 =   Snake:4 [[   Vaults:1 :
Vaults:2 *   Zot:3 *

Portals:
Hell: Depths:1 Depths:2 Depths:3 Depths:4
Abyss: Lair:6 Snake:3 Depths:1 Depths:2 Depths:3
Pandemonium: Depths:2
Ziggurat: Depths:1

Annotations:
D:9 3 runed translucent doors, r33k's ghost, novice MiFi
Elf:2 3 runed translucent doors
Vaults:3 2 transporters, Taoger's ghost, adept DsTm
Zot:5 exclusions: obsidian statue and orange crystal statue


Innate Abilities, Weirdness & Mutations

You have a pair of horns on your head.
You reflexively headbutt those who attack you in melee.
You tend to lose your temper in combat.
You are very clumsy. (Dex -4)
You are dopey. (Int -2)
You are very weak. (Str -4)
Your spells are a little easier to cast, but a little less powerful.


Message History

You kill the sun demon!
Trog accepts your kill.
(D) Dungeon (T) Temple (L) Lair (S) Swamp (P) Snake Pit (M) Slime Pits (O) Orcish Mines (E) Elven Halls (V) Vaults (C) Crypt (U) Depths (H) Hell (Z) Zot
Where to? (Enter - D:1, ? - help)
There is an open door here.
There is a stone staircase leading up here.
You climb upwards.
There is a stone staircase leading down here.
(D) Dungeon (T) Temple (L) Lair (S) Swamp (P) Snake Pit (M) Slime Pits (O) Orcish Mines (E) Elven Halls (V) Vaults (C) Crypt (U) Depths (H) Hell (Z) Zot
Where to? (Enter - D:1, ? - help)
Okay, then.
A hellwing comes into view.
The hellwing gives a chilling moan.
The hellwing closely misses you. You block the hellwing's attack.
You slice the hellwing!!
The hellwing is heavily wounded.
You block the hellwing's attack. x2
You hit the hellwing. Your headbutt misses the hellwing.
The hellwing is severely wounded.
You hit the hellwing.
The hellwing is severely wounded.
You block the hellwing's attack. x2
You slice the hellwing!!
Your hand axe "Cassiy" recites a poem.
You kill the hellwing!
Trog accepts your kill.
There is a large open door here.
There is a large open door here.
You hear a grinding noise.
A sixfirhy comes into view.
You hear a grinding noise.
There is a large open door here.
There is a staircase leading out of the dungeon here.
You have escaped!

######...# #.##''# ##.#####
.........# #.##..# #####...##.##
######...#######''###...........#
##.....##......#####........
#######.######3≈≈≈≈.######.#.....
.....##.# #.≈§≈≈.##....#......
###..##.# ###......##...#.#.....
#..##.# #.###''#####.####.....
#..##.# #.###@.# #.###....##
#..##.# #.#.##### #.#......#
#.....####.#.# #.####.#.#...###
#..÷.......#.# #...##.#.##.#...
##..########.# ###.##.#.##.#.#.
#..# #.# #.##.#........ ####..#
#.# #.##.#....#### ......# #.#
##.##.#)...#.). #####.####
#.####...#.#....#...


You could see a sixfirhy.

Vanquished Creatures
  A dread lich (Depths:2)
  3 ancient liches
  2 orbs of fire
  Sojobo (Depths:3)
  Boris (Vaults:3)
  2 curse toes
  Frederick (Depths:3)
  5 Killer Klowns (Zot:5)
  The ghost of Ziziph the Sorcerer, a veteran NaWz of Ashenzari (Depths:2)
  5 golden dragons
  2 electric golems
  A Brimstone Fiend (Depths:1)
  A lich (Depths:2)
  19 tentacled monstrosities
  21 Orb Guardians
  A deep elf blademaster (Elf:3)
  Asterion (Snake:2)
  7 quicksilver dragons
  2 deep elf master archers (Elf:3)
  The ghost of Nats the Phalangite, an adept MfGl of Kikubaaqudgha (Depths:2)
  7 sphinxes
  7 death cobs
  15 acid blobs
  2 thorn hunters
  Kirke (D:15)
  The ghost of qborf the Devastator, an adept DgCj (Snake:3)
  10 storm dragons
  2 tengu reavers (Depths:3)
  7 shadow dragons
  16 draconian monks
  12 rockslimes
  10 frost giants
  6 nagarajas (Snake:4)
  5 draconian knights
  6 azure jellies
  4 deep elf sorcerers (Elf:3)
  2 ghost moths
  6 fire giants
  3 fenstrider witches (Swamp:4)
  10 draconian scorchers
  10 vault wardens
  Louise (Depths:3)
  An orc warlord (Orc:2)
  An iron dragon (Depths:3)
  5 ghouls (Swamp:4)
  An imperial myrmidon (Desolation)
  The ghost of Kaive the Fighter, a journeyman MiFi of Okawaru (Lair:5)
  9 draconian shifters
  5 deep elf elementalists
  7 draconian annihilators
  13 ironbound preservers
  5 draconian stormcallers
  The ghost of Yorgos the Cleaver, a journeyman DsBe of Trog (Orc:2)
  2 reapers
  6 quicksilver oozes
  22 very ugly things
  3 spriggan defenders
  8 ironbound thunderhulks
  7 stone giants
  6 eleionomae
  19 green draconians
  6 vampire knights
  2 deep elf demonologists (Elf:3)
  2 entropy weavers
  Azrael (D:15)
  6 deep elf annihilators
  13 purple draconians
  20 black draconians
  20 dire elephants
  12 yellow draconians
  21 red draconians
  12 white draconians
  9 ettins
  4 bunyips
  8 spark wasps
  Snorg (D:11)
  A blizzard demon (Swamp:4)
  Josephine (D:12)
  The ghost of Samael12321 the Destroyer, a journeyman GnCj of Sif Muna (D:10)
  7 jiangshi
  4 crystal guardians
  12 fire dragons
  5 deep elf death magi
  3 rakshasas
  A shambling mangrove (Swamp:4)
  11 ragged hierophants (Desolation)
  5 deep elf high priests
  11 naga warriors
  7 boulder beetles
  17 great orbs of eyes
  5 salamander tyrants
  7 peacekeepers
  A hell beast (Depths:1)
  11 vault guards
  11 servants of whispers (Desolation)
  12 ice dragons
  7 yaktaur captains
  3 spriggan air magi
  15 hydras
  5 ironbound frosthearts
  Harold (D:7)
  4 ogre magi
  3 ghost crabs
  6 anacondas
  20 centaur warriors
  Erica (D:8)
  6 alligators
  2 two-headed ogres
  A deep troll shaman (Depths:3)
  3 tengu warriors
  A hell hog (Depths:1)
  5 death yaks
  14 dancing weapons
  4 vampire magi
  4 orc high priests (Orc:2)
  8 deep troll earth magi
  10 shock serpents
  3 thrashing horrors (Abyss:3)
  Urug (Lair:5)
  9 spriggan berserkers
  A sun demon (D:2)
  14 deep elf knights
  A soul eater (Depths:1)
  2 hell knights (Vaults:2)
  6 naga sharpshooters
  4 sixfirhies (Swamp:4)
  A skeletal warrior (D:15)
  4 iron trolls
  7 salamander mystics
  A goliath frog (Swamp:1)
  A quicksilver dragon simulacrum (Depths:1)
  2 death drakes (Swamp:4)
  3 glowing orange brains
  A shadow demon (Depths:1)
  6 swamp dragons
  50 deep trolls
  5 naga ritualists
  4 spriggan simulacra (IceCv)
  6 bog bodies
  3 flayed ghosts
  6 lindwurms
  5 spriggan druids
  3 phantasmal warriors
  A tengu zombie (Vaults:4)
  11 ironbound convokers
  15 wizards
  4 deep elf archers
  An obsidian statue (IceCv)
  3 oklob plants (Depths:1)
  4 orc knights (Orc:2)
  6 necromancers
  20 deep elf zephyrmancers
  18 deep elf pyromancers
  7 mana vipers
  4 harpies (Vaults:1)
  8 orc sorcerers
  46 ugly things
  4 manticores
  2 wolf spiders
  A harpy (shapeshifter) (D:14)
  A faun (shapeshifter) (Elf:2)
  2 will-o-the-wisps (Swamp:3)
  14 salamanders
  4 cyclopes
  3 shining eyes
  25 black mambas
  2 stone giant skeletons
  A black mamba (shapeshifter) (D:14)
  37 moths of wrath
  19 elephants
  16 vault sentinels
  A frost giant skeleton (Vaults:4)
  9 guardian serpents
  A guardian serpent (shapeshifter) (D:15)
  2 rust devils
  An eye of devastation (shapeshifter) (Vaults:4)
  A molten gargoyle (Desolation)
  Maurice (D:11)
  An eye of devastation (Slime:1)
  2 smoke demons
  15 naga magi
  11 cane toads
  3 orange demons (Swamp:4)
  An unseen horror (D:11)
  An unseen horror (shapeshifter) (Depths:1)
  Psyche (D:11)
  4 freezing wraiths
  27 yaktaurs
  2 anaconda simulacra (IceCv)
  An efreet (D:15)
  3 hellwings
  11 komodo dragons
  6 entropy weaver simulacra (IceCv)
  4 tengu conjurers
  7 ice devils (IceCv)
  4 tyrant leeches
  2 polar bears
  6 trolls
  2 human zombies (Vaults:2)
  A queen bee (shapeshifter) (D:14)
  6 elf zombies
  3 meliai (Lair:5)
  15 hornets
  A queen bee (Lair:5)
  69 saltlings (Desolation)
  10 dream sheep
  33 blink frogs
  8 large abominations
  81 slime creatures
  A snapping turtle (shapeshifter) (Depths:1)
  A centaur simulacrum (D:15)
  2 air elementals (Elf:1)
  15 spriggans
  A human simulacrum (Vaults:4)
  2 dire elephant simulacra (IceCv)
  5 wyverns
  8 water elementals
  5 wraiths
  2 shadows
  A ynoxinul (Lair:6)
  2 fire elementals
  7 basilisks
  A fire bat (shapeshifter) (D:13)
  49 yaks
  A hog (D:15)
  A death yak simulacrum (Lair:5)
  2 chaos spawn
  A neqoxec (Abyss:3)
  A redback (Vaults:3)
  3 steam dragons
  6 vampire mosquitoes
  4 minotaur simulacra (IceCv)
  14 swamp worms
  A harpy simulacrum (IceCv)
  A warg (shapeshifter) (Lair:6)
  7 wargs
  A hydra simulacrum (Lair:5)
  56 nagas
  A spectral cane toad (Lair:5)
  5 hell hounds (D:15)
  Duvessa (D:7)
  2 acid dragons
  14 water moccasins
  4 floating eyes
  21 orc warriors
  A spectral torpor snail (Lair:5)
  4 swamp drakes
  An alligator simulacrum (IceCv)
  2 sky beasts
  2 necrophages
  An ice beast (D:5)
  6 ogres
  7 centaurs
  4 boggarts
  15 wolves
  A phantom (D:4)
  14 bullfrogs
  2 kobold brigands (D:9)
  A wyvern zombie (D:8)
  3 gnoll sergeants (D:9)
  5 deep troll simulacra (IceCv)
  2 scorpions
  5 small abominations
  Dowan (D:7)
  2 lindwurm simulacra (IceCv)
  29 killer bees (Lair:5)
  3 wights (D:8)
  4 electric eels
  5 centaur zombies
  7 hounds
  Crazy Yiuf (D:3)
  2 jellies
  14 orc priests
  4 bullfrog skeletons
  2 gnoll shamans (D:9)
  Ijyb (D:4)
  Jessica (D:2)
  Terence (D:2)
  3 iguanas
  17 orc wizards
  2 lightning spires (Swamp:3)
  15 hell rats
  2 killer bee zombies (D:7)
  A hound skeleton (D:5)
  29 gnolls
  A shadow imp (D:6)
  A white imp (Abyss:3)
  An ufetubus (D:5)
  2 adder skeletons (D:4)
  2 worms
  3 dart slugs
  52 orcs
  5 bats
  6 endoplasms
  4 giant cockroaches
  5 goblins
  5 hobgoblins
  8 jackals
  2 quokkas
  8 ball pythons
  2 frilled lizards
  18 kobolds
  5 rats
  4 briar patches (Depths:1)
  A plant (Depths:1)
2127 creatures vanquished.

Vanquished Creatures (collateral kills)
  the Royal Jelly (Slime:5)
  An orb of fire (Zot:2)
  A Killer Klown (Zot:5)
  Margery (Vaults:2)
  2 golden dragons
  An Ice Fiend (IceCv)
  2 Orb Guardians (Zot:5)
  Gastronok (D:11)
  2 tengu reavers
  A draconian scorcher (Zot:2)
  The ghost of Domino the Warrior, a journeyman MiBe of Trog (Orc:2)
  A ghost moth (Zot:5)
  A draconian annihilator (Zot:2)
  A very ugly thing (Depths:3)
  A deep elf demonologist (Elf:3)
  A yellow draconian (Zot:2)
  2 great orbs of eyes
  A centaur warrior (D:13)
  A tengu warrior (D:15)
  A two-headed ogre (D:13)
  2 thrashing horrors (Lair:6)
  A hell knight (Vaults:2)
  A spriggan druid (Swamp:4)
  A wizard (D:13)
  A necromancer (Vaults:2)
  A wolf spider (D:15)
  A cyclops (D:13)
  A moth of wrath (Zot:5)
  2 salamanders (Snake:4)
  A naga mage (Snake:4)
  A smoke demon (Lair:6)
  A guardian serpent (D:15)
  An anaconda simulacrum (IceCv)
  An ancient zyme (Lair:6)
  A large abomination (Lair:6)
  A blink frog (Lair:6)
  A spriggan (Lair:6)
  A dire elephant simulacrum (IceCv)
  A chaos spawn (Lair:6)
  A minotaur simulacrum (IceCv)
  A harpy simulacrum (IceCv)
  A naga (Snake:4)
  A swamp worm (Swamp:1)
  An acid dragon (D:13)
  A hell hound (D:15)
  A boggart (Vaults:2)
  A deep troll simulacrum (IceCv)
  3 small abominations (Lair:6)
56 creatures vanquished.

Vanquished Creatures (others)
  2 draconian knights
  A ghost moth (Zot:3)
  A deep elf high priest (Elf:3)
  2 deep troll earth magi (Depths:2)
  A wizard (Vaults:4)
  A deep elf zephyrmancer (Elf:1)
  A deep elf pyromancer (Elf:2)
  A cyclops (D:15)
  A tengu conjurer (Depths:2)
  3 bloated husks
  2 humans (D:15)
  A necrophage (Swamp:4)
  An orc wizard (D:11)
  2 ball lightnings (Swamp:3)
  4 briar patches (Depths:1)
  14 foxfires (Swamp:3)
  26 fungi
  A lurking horror (Snake:3)
  54 plants
  10 withered plants
129 creatures vanquished.

Grand Total: 2312 creatures vanquished

Notes
Turn   | Place    | Note
-------+----------+-------------------------------------------
     0 | D:1      | numbers123456 the Minotaur Berserker began the quest for
                  | the Orb.
     0 | D:1      | Reached XP level 1. HP: 19/19 MP: 0/0
    40 | D:1      | You fall into a shaft and drop 1 floor!
    65 | D:2      | Noticed Terence
    70 | D:2      | Killed Terence
    71 | D:2      | Reached XP level 2. HP: 27/27 MP: 1/1
   138 | D:2      | Noticed Jessica
   147 | D:2      | Killed Jessica
   148 | D:2      | Reached XP level 3. HP: 33/33 MP: 2/2
   295 | D:2      | Reached XP level 4. HP: 29/40 MP: 3/3
   875 | D:1      | Found a faded altar of an unknown god.
   919 | D:1      | Reached XP level 5. HP: 43/47 MP: 4/4
   966 | D:1      | Reached ** piety under Trog
  1177 | D:1      | Reached skill level 5 in Axes
  2501 | D:3      | Found a runed translucent door.
  2502 | D:3      | Noticed Crazy Yiuf
  2663 | D:3      | Found Jimurowu's Weapon Shoppe.
  3049 | D:3      | Killed Crazy Yiuf
  3146 | D:4      | Reached skill level 5 in Fighting
  3146 | D:4      | Reached XP level 6. HP: 41/56 MP: 5/5
  3380 | D:4      | Noticed a two-headed ogre
  3385 | D:4      | Killed a two-headed ogre
  3386 | D:4      | Reached skill level 5 in Armour
  3386 | D:4      | Reached XP level 7. HP: 63/63 MP: 6/6
  3487 | D:4      | Reached skill level 5 in Dodging
  3538 | D:4      | Reached XP level 8. HP: 66/70 MP: 7/7
  3538 | D:4      | Reached *** piety under Trog
  3599 | D:4      | Noticed Ijyb
  3612 | D:4      | Killed Ijyb
  3820 | D:4      | Identified the +1 robe of Supple Strength {Harm +Inv rC-
                  | rN+}
  4370 | D:5      | Entered Level 5 of the Dungeon
  5424 | D:6      | Found a staircase to the Ecumenical Temple.
  5482 | D:6      | Found the +4 dagger "Morg" {pain, Will+ Int+5}
  5933 | D:6      | Found a glowing golden altar of the Shining One.
  6080 | D:7      | Noticed Duvessa
  6080 | D:7      | Noticed Dowan
  6190 | D:7      | Noticed Harold
  6205 | D:7      | Killed Harold
  6206 | D:7      | Reached skill level 10 in Axes
  6206 | D:7      | Reached XP level 9. HP: 23/80 MP: 8/8
  6459 | D:7      | Killed Duvessa
  6461 | D:7      | Killed Dowan
  7657 | D:8      | Noticed Erica
  7674 | D:8      | Killed Erica
  7675 | D:8      | Reached XP level 10. HP: 60/90 MP: 9/9
  8049 | D:9      | Found an opulent altar of Gozag.
  8050 | D:9      | Found a runed translucent gate.
  8050 | D:9      | Found a runed translucent gate.
  8050 | D:9      | Found a runed translucent gate.
  8051 | D:9      | Noticed r33k's ghost (novice MiFi)
  8064 | D:9      | Found Lyicobya's Assorted Antiques.
  8081 | D:9      | Bought a dazzling broad axe for 288 gold pieces
  8081 | D:9      | Identified the +5 broad axe of Varug {flame, rPois rCorr}
                  | (You bought it in a shop on level 9 of the Dungeon)
  8119 | D:9      | Found Luysahoh's Magic Scroll Shop.
  8293 | D:9      | Reached **** piety under Trog
  8502 | D:9      | Reached skill level 1 in Evocations
  8624 | D:9      | Identified the +8 chain mail "Vorraint" {Regen+}
  8794 | D:9      | Found a staircase to the Orcish Mines.
  8874 | D:10     | Entered Level 10 of the Dungeon
  9138 | D:10     | Reached XP level 11. HP: 76/99 MP: 10/10
  9140 | D:10     | Reached skill level 10 in Fighting
  9152 | D:10     | Noticed a two-headed ogre
  9152 | D:10     | Noticed a six-headed hydra
  9499 | D:9      | Reached skill level 1 in Shields
  9972 | D:10     | Killed a two-headed ogre
  9976 | D:10     | Killed a four-headed hydra
 10102 | D:10     | Found a staircase to the Lair.
 10518 | D:10     | Found a runed translucent door.
 10519 | D:10     | Noticed Samael12321's ghost (journeyman GnCj)
 10666 | D:11     | Noticed Maurice
 10668 | D:11     | Paralysed by Maurice for 2 turns
 10673 | D:11     | Killed Maurice
 10722 | D:11     | Reached skill level 10 in Armour
 10900 | D:11     | Noticed Psyche
 10956 | D:11     | Killed Psyche
 11285 | D:11     | Noticed Gastronok
 11316 | D:11     | Killed Gastronok
 11317 | D:11     | Reached skill level 5 in Shields
 11484 | D:11     | Noticed Snorg
 11484 | D:11     | Noticed a boulder beetle
 11523 | Lair:1   | Entered Level 1 of the Lair of Beasts
 11708 | Lair:1   | You fall into a shaft and drop 1 floor!
 11827 | Lair:2   | Reached XP level 12. HP: 98/108 MP: 11/11
 11885 | Lair:2   | Noticed a seven-headed hydra
 11893 | Lair:2   | Killed a five-headed hydra
 12799 | Lair:2   | Found a staircase to the Snake Pit.
 13119 | Lair:3   | Reached skill level 5 in Evocations
 13121 | Lair:3   | Reached skill level 15 in Axes
 13877 | Lair:3   | Found a shimmering altar of Xom.
 14408 | Lair:4   | Reached ***** piety under Trog
 14636 | Lair:4   | Found a staircase to the Swamp.
 14644 | Lair:4   | Reached XP level 13. HP: 69/117 MP: 12/12
 14893 | Lair:4   | Reached skill level 10 in Shields
 15193 | Lair:4   | Received a gift from Trog
 15518 | Lair:5   | Noticed Urug
 15678 | Lair:5   | Killed Urug
 15697 | Lair:5   | Found a staircase to the Slime Pits.
 15721 | Lair:6   | Entered Level 6 of the Lair of Beasts
 16122 | Lair:5   | Received a gift from Trog
 16360 | Lair:5   | Reached XP level 14. HP: 129/129 MP: 13/13
 16541 | Lair:5   | Found a runed translucent gate.
 16542 | Lair:5   | Found a runed translucent gate.
 16544 | Lair:5   | Found a runed translucent gate.
 16546 | Lair:5   | Noticed Kaive's ghost (journeyman MiFi)
 17035 | Lair:6   | Identified the +8 quarterstaff of Valour {venom, Str+2}
 18073 | Lair:6   | Received a gift from Trog
 18224 | Lair:6   | Found a corrupted altar of Lugonu.
 18224 | Lair:6   | Found a one-way gate to the infinite horrors of the Abyss.
 18650 | D:10     | Killed Samael12321's ghost
 19662 | D:12     | Noticed Josephine
 19667 | D:12     | Killed Josephine
 19881 | D:12     | Identified the +0 battleaxe of Neowus {drain, rElec SInv
                  | Stlth+}
 20464 | D:13     | Found a gate to the Vaults.
 20464 | D:13     | Noticed an ironbound preserver
 20475 | D:13     | Killed an ironbound preserver
 20476 | D:13     | Reached XP level 15. HP: 124/138 MP: 14/14
 20496 | D:13     | Identified the +1 robe "Gyotomuela" {rPois Str+6 Slay-2}
 20991 | D:13     | Identified the +1 great mace "Goblinbane" {venom, Will+}
 21451 | D:14     | Identified the +1 leather armour of Amelioration {Will+}
 22027 | D:14     | Found an ancient bone altar of Kikubaaqudgha.
 22336 | D:15     | Entered Level 15 of the Dungeon
 22599 | D:15     | Identified the +2 robe "Tioduaj" {rC+ Slay+3}
 22709 | D:15     | Noticed a tengu reaver
 22714 | D:15     | Killed a tengu reaver
 22721 | D:15     | Found a transporter.
 22739 | D:15     | Noticed a frost giant
 22749 | D:15     | Killed a frost giant
 22756 | D:15     | Identified the +3 mace "Leviticus" {flame, rCorr Int+4}
 22812 | D:15     | Found a shadowy altar of Dithmenos.
 22845 | D:15     | Noticed Kirke
 22851 | D:15     | Killed Kirke
 22852 | D:15     | Reached skill level 10 in Dodging
 22976 | D:15     | Identified the ring of Anwoll {Will- AC+4 Int+9}
 23079 | D:15     | Found a sacrificial altar of Ru.
 23113 | D:15     | Noticed a fire giant
 23122 | D:15     | Reached skill level 15 in Fighting
 23124 | D:15     | Killed a fire giant
 23152 | D:15     | Reached skill level 15 in Armour
 23217 | D:15     | Found a glowing silver altar of Zin.
 23336 | D:15     | Reached skill level 15 in Shields
 23472 | D:15     | Noticed a frost giant
 23483 | D:15     | Killed a frost giant
 23630 | D:15     | Reached skill level 1 in Bows
 23743 | D:15     | Found a transporter.
 23783 | D:15     | Identified the ring "Tire" {rElec rPois MP-9 Str+6 Dex+4}
 23829 | D:15     | Reached XP level 16. HP: 149/149 MP: 6/15
 23847 | D:15     | Found a staircase to the Depths.
 23867 | D:15     | Noticed Azrael
 23899 | D:15     | Received a gift from Trog
 23906 | D:15     | Killed Azrael
 24062 | D:15     | Identified the ring "Upuohog" {Wiz rElec}
 24391 | Swamp:1  | Entered Level 1 of the Swamp
 24651 | Swamp:1  | Found a frozen archway.
 24674 | IceCv    | Entered an ice cave
 24732 | IceCv    | Found the +3 pair of seven-league boots {Rampage+∞}
 25382 | IceCv    | Noticed an Ice Fiend
 25396 | IceCv    | Killed an Ice Fiend
 25453 | IceCv    | Identified the +11 trident of Voerepp {freeze, rF+ Int+3
                  | Stlth+}
 25730 | Swamp:1  | Reached skill level 5 in Bows
 26195 | Swamp:2  | Found the +10 Black Knight's barding {ponderous, rPois rN+}
 26314 | Swamp:2  | Reached skill level 1 in Crossbows
 26550 | Swamp:4  | Entered Level 4 of the Swamp
 28140 | Swamp:4  | Reached XP level 17. HP: 160/160 MP: 7/16
 28596 | Swamp:4  | Reached skill level 10 in Evocations
 28666 | Swamp:4  | Noticed a tentacled monstrosity
 28673 | Swamp:4  | Killed a tentacled monstrosity
 29035 | Swamp:4  | Paralysed by a fenstrider witch for 3 turns
 29217 | Swamp:4  | Got a decaying rune of Zot
 29760 | Orc:1    | Entered Level 1 of the Orcish Mines
 29846 | Orc:1    | Found Zuotuly's Book Shoppe.
 29994 | Orc:2    | Entered Level 2 of the Orcish Mines
 29994 | Orc:2    | Found a staircase to the Elven Halls.
 30162 | Orc:2    | Found an iron altar of Okawaru.
 30174 | Orc:2    | Found a runed translucent gate.
 30174 | Orc:2    | Found a runed translucent gate.
 30175 | Orc:2    | Found a runed translucent gate.
 30175 | Orc:2    | Noticed Domino's ghost (journeyman MiBe)
 30177 | Orc:2    | Noticed Yorgos's ghost (journeyman DsBe)
 30292 | Orc:2    | Received a gift from Trog
 30450 | Orc:2    | Found Qyoq's Distillery.
 30450 | Orc:2    | Found Oduc's Antique Armour Emporium.
 30454 | Orc:2    | Found Ogujeoff's Assorted Antiques.
 30454 | Orc:2    | Found Suost's Antique Weapon Emporium.
 30464 | Orc:2    | Bought a runed cloak for 247 gold pieces
 30476 | Orc:2    | Bought a translucent war axe for 314 gold pieces
 30476 | Orc:2    | Identified the +4 war axe of War {spect, *Slow rPois Str+2
                  | Int+2} (You bought it in a shop on level 2 of the Orcish
                  | Mines)
 30671 | Orc:2    | Killed Yorgos's ghost
 30672 | Orc:2    | Killed Domino's ghost
 30684 | Orc:2    | Identified the +7 hand crossbow of Ywocs {elec, Int+4}
 30918 | Orc:1    | Paralysed by a floating eye for 3 turns
 31059 | Orc:1    | Found a shimmering blue altar of Sif Muna.
 31858 | Snake:1  | Entered Level 1 of the Snake Pit
 32213 | Snake:1  | Found Ushiwn's Jewellery Emporium.
 32670 | Snake:1  | Reached XP level 18. HP: 167/172 MP: 8/17
 33258 | Snake:2  | Noticed Asterion
 33268 | Snake:2  | Killed Asterion
 33704 | Snake:2  | Identified the +1 ring mail of Ylahan {Fly}
 34044 | Snake:3  | Received a gift from Trog
 34109 | Snake:3  | Reached skill level 5 in Crossbows
 34118 | Snake:3  | Found a runed translucent door.
 34318 | Snake:3  | Noticed qborf's ghost (adept DgCj)
 34334 | Snake:3  | Killed qborf's ghost
 34424 | Snake:3  | Found a corrupted altar of Lugonu.
 34909 | Snake:4  | Entered Level 4 of the Snake Pit
 34960 | Snake:3  | Received a gift from Trog
 35345 | Snake:4  | Found Onawus's Armour Emporium.
 35352 | Snake:4  | Bought the +15 plate armour of Hedging {rF+ MP-9 Str+2} for
                  | 1372 gold pieces
 35534 | Snake:4  | Found Vuera's Armour Emporium.
 36025 | Snake:4  | Got a serpentine rune of Zot
 36601 | Vaults:1 | Entered Level 1 of the Vaults
 36792 | Vaults:1 | Found a crumbling gateway.
 36807 | Desolati | Entered the Desolation of Salt
 36900 | Desolati | Identified the ring of the Screaming Oracle {rElec rN+
                  | SInv}
 36937 | Desolati | Reached XP level 19. HP: 182/182 MP: 0/18
 36937 | Desolati | Identified the +7 morningstar "Bygagg" {flame, *Rage Will+
                  | Int+6 Stlth+}
 37085 | Desolati | Identified the +2 falchion "Naalyp" {antimagic, Fragile rN+
                  | Str+7}
 37086 | Desolati | Identified the ring "Ewuota" {Will+ rCorr Str+6 Int+2}
 37107 | Desolati | Received a gift from Trog
 37138 | Desolati | Identified the ring of Immorality {rF+ rCorr Int+4}
 37236 | Desolati | Identified the ring of Ysues {MP+9 Str+2}
 37249 | Desolati | Identified the +10 hand crossbow of Qec Deuc {venom, rF+}
 37329 | Desolati | Identified the ring "Awiehom" {AC+4 Dex+3}
 37332 | Desolati | Identified the ring of Liberalism {rCorr MP+9 Int+2}
 37358 | Desolati | Found the dreamshard necklace {*Dream Drain}
 37370 | Desolati | Identified the ring of Taoforu {rC+ rN++ rCorr MP+9 Dex+3
                  | SInv}
 37396 | Desolati | Identified the +4 glaive of Suwaoh {drain, rElec rF- Int+4
                  | Dex+2}
 37545 | Desolati | Identified the ring "Siloph" {rC+ Int+3 SInv}
 37649 | Desolati | Upgraded the game from 0.28-a0-1624-g820543e53a to
                  | 0.28-a0-1638-g9123634e07
 37999 | Vaults:1 | Identified 3 scrolls of acquirement
 38058 | Vaults:1 | Paralysed by a sphinx for 6 turns
 38226 | Vaults:1 | Received a gift from Trog
 38643 | Vaults:1 | Found Zicur's Book Shoppe.
 39537 | D:9      | Bought a scroll of teleportation for 39 gold pieces
 39537 | D:9      | Bought a scroll of blinking for 97 gold pieces
 39537 | D:9      | Bought a scroll of identify for 26 gold pieces
 39537 | D:9      | Bought a scroll of identify for 26 gold pieces
 39543 | D:9      | Bought a scroll of fog for 26 gold pieces
 39728 | Lair:5   | Killed Kaive's ghost
 40244 | Vaults:2 | Identified the +0 ring mail of Inviolability {*Corrode
                  | Will- Str+9 Int+2 Dex+2}
 40276 | Vaults:2 | Identified the +2 leather armour of Bour Teu {Harm Fly
                  | rPois Str-4}
 40325 | Vaults:2 | Found Puan's General Store.
 40419 | Vaults:2 | Acquired a manual of Dodging
 40469 | Vaults:2 | Acquired a manual of Bows
 40473 | Vaults:2 | Acquired the +8 tower shield of Dogmatism {Regen+}
 40488 | Vaults:2 | Acquired the +10 broad axe "Caipin" {elec, rC+++ Dex+4}
 40657 | Vaults:2 | Reached XP level 20. HP: 193/193 MP: 10/19
 40726 | Vaults:2 | Received a gift from Trog
 40793 | Vaults:2 | Noticed Margery
 40810 | Vaults:2 | Killed Margery
 41296 | Vaults:2 | Reached skill level 10 in Crossbows
 42155 | Vaults:3 | Noticed an ancient lich
 42164 | Vaults:3 | Found a transporter.
 42174 | Vaults:3 | Found a transporter.
 42178 | Vaults:3 | Noticed Taoger's ghost (adept DsTm)
 42293 | Vaults:3 | Noticed Boris
 42304 | Vaults:3 | Killed Boris
 42305 | Vaults:3 | Reached skill level 15 in Dodging
 43083 | Vaults:3 | Reached ****** piety under Trog
 43099 | Vaults:3 | Found a staircase to the Crypt.
 43099 | Vaults:3 | Found a basalt altar of Yredelemnul.
 43099 | Vaults:3 | Found an ancient bone altar of Kikubaaqudgha.
 43334 | Vaults:4 | Received a gift from Trog
 43798 | Vaults:4 | Reached XP level 21. HP: 206/206 MP: 11/20
 43823 | Vaults:4 | Cast into level 3 of the Abyss (a wizard)
 43844 | Abyss:3  | Found a bloodstained altar of Trog.
 43895 | Vaults:4 | Escaped the Abyss
 44258 | Vaults:4 | Received a gift from Trog
 45022 | Elf:1    | Entered Level 1 of the Elven Halls
 45252 | Elf:1    | Received a gift from Trog
 45967 | Elf:2    | Found a shimmering blue altar of Sif Muna.
 46096 | Elf:2    | Received a gift from Trog
 46251 | Elf:2    | Found a runed translucent gate.
 46251 | Elf:2    | Found a runed translucent gate.
 46251 | Elf:2    | Found a runed translucent gate.
 46432 | Elf:3    | Entered Level 3 of the Elven Halls
 46516 | Elf:3    | Found an ancient bone altar of Kikubaaqudgha.
 47152 | Elf:3    | Identified the ring of Vanity {rPois rC+}
 47153 | Elf:3    | Identified the +5 broad axe of Dust {freeze, rN+ Int+3}
 47224 | Elf:3    | Found the +9 heavy crossbow "Sniper" {vorpal, Acc+∞ SInv}
 47236 | Elf:3    | Identified the ring of Loroymo {rElec rPois Will- MP-9
                  | SInv}
 47243 | Elf:3    | Identified the ring of Dupyseir {Fly rElec Int+4 Stlth-}
 47334 | Elf:3    | Identified the +10 quarterstaff of Dilemmif {antimagic,
                  | rElec}
 47377 | Elf:3    | Identified the +4 trident "Veproech" {freeze, Drain rElec
                  | rF+}
 47390 | Elf:3    | Identified the +8 rapier "Wemo" {freeze, *Corrode rN+ Will+
                  | Str+7}
 48102 | Depths:1 | Entered Level 1 of the Depths
 48110 | Depths:1 | Found a shadowy altar of Dithmenos.
 48574 | Depths:1 | Found a one-way gateway to a ziggurat.
 48616 | Depths:1 | Found a gateway to Hell.
 48630 | Depths:1 | Reached XP level 22. HP: 228/228 MP: 12/21
 48642 | Depths:1 | Received a gift from Trog
 49075 | Depths:2 | Found a runed translucent gate.
 49075 | Depths:2 | Found a runed translucent gate.
 49075 | Depths:2 | Found an ancient bone altar of Kikubaaqudgha.
 49736 | Depths:2 | Found a one-way gate leading to the halls of Pandemonium.
 49892 | Depths:2 | Found a runed translucent gate.
 49892 | Depths:2 | Noticed an ancient lich
 49892 | Depths:2 | Noticed a dread lich
 49892 | Depths:2 | Found the +8 whip "Snakebite" {venom, curare, rPois}
 49892 | Depths:2 | Noticed Nats's ghost (adept MfGl)
 49892 | Depths:2 | Noticed an ancient lich
 49893 | Depths:2 | Noticed Ziziph's ghost (veteran NaWz)
 50337 | Depths:3 | Found a flickering gateway to a bazaar.
 50348 | Depths:3 | Reached skill level 27 in Fighting
 50391 | Bazaar   | Entered a bazaar
 50391 | Bazaar   | Found Poigamu's Armour Shop.
 50391 | Bazaar   | Found Emam's Weapon Boutique.
 50419 | Bazaar   | Found Covuac's General Store.
 50427 | Bazaar   | Bought a scroll of teleportation for 45 gold pieces
 50457 | Bazaar   | Found Vulauny's Magic Scroll Emporium.
 50464 | Bazaar   | Bought a scroll of teleportation for 21 gold pieces
 50464 | Bazaar   | Bought a scroll of blinking for 52 gold pieces
 50464 | Bazaar   | Bought a scroll of enchant armour for 52 gold pieces
 50464 | Bazaar   | Bought a scroll of fog for 14 gold pieces
 50464 | Bazaar   | Bought a scroll of enchant armour for 52 gold pieces
 50464 | Bazaar   | Bought a scroll of fog for 14 gold pieces
 50464 | Bazaar   | Bought a scroll of enchant armour for 52 gold pieces
 50470 | Bazaar   | Found Senk's Book Shoppe.
 50503 | Bazaar   | Bought a manual of Shields for 880 gold pieces
 50575 | Depths:3 | Noticed Sojobo
 50586 | Depths:3 | Noticed Frederick
 50594 | Depths:3 | Paralysed by a floating eye for 4 turns
 50608 | Depths:3 | Found an iron altar of Okawaru.
 50610 | Depths:3 | Identified the +10 broad axe of Guilt {flame, Drain rN+
                  | Dex+7} (Trog gifted it to you on level 3 of the Depths)
 50610 | Depths:3 | Received a gift from Trog
 50782 | Depths:3 | Identified the +7 hand axe "Cassiy" {spect, *Noise rF++
                  | rCorr Str+2 Int+4}
 51036 | Depths:4 | Entered Level 4 of the Depths
 51220 | Depths:3 | Noticed a golden dragon
 51225 | Depths:3 | Killed a golden dragon
 51248 | Depths:3 | Paralysed by a floating eye for 2 turns
 51315 | Depths:3 | Acquired the +0 hat "Arasocya" {rElec rC+ rN+ MP-9 Stlth+}
 51572 | Depths:3 | Killed Sojobo
 51703 | Depths:3 | Killed Frederick
 51951 | Depths:3 | Noticed Louise
 51958 | Depths:3 | Killed Louise
 52521 | Depths:3 | Reached XP level 23. HP: 190/240 MP: 4/22
 52567 | Depths:4 | Paralysed by a vampire knight for 6 turns
 52873 | Depths:4 | Found a gate to the Realm of Zot.
 53234 | Depths:4 | Found a portal to a secret trove of treasure.
 54206 | Depths:4 | Received a gift from Trog
 54636 | Slime:1  | Entered Level 1 of the Pits of Slime
 54829 | Slime:5  | Entered Level 5 of the Pits of Slime
 54842 | Slime:5  | Paralysed by a great orb of eyes for 5 turns
 55023 | Slime:5  | Paralysed by a great orb of eyes for 2 turns
 55090 | Slime:5  | Noticed the Royal Jelly
 55232 | Slime:5  | Paralysed by a great orb of eyes for 2 turns
 55591 | Slime:5  | Gained mutation: Your magical capacity is low. (-10% MP) [a
                  | shining eye]
 55593 | Slime:5  | Gained mutation: You are dopey. (Int -2) [a shining eye]
 55594 | Slime:5  | Gained mutation: You are clumsy. (Dex -2) [a shining eye]
 55971 | Slime:5  | Killed the Royal Jelly
 56203 | Slime:5  | Found the ring of Shadows {Umbra +Inv Stlth+}
 56208 | Slime:5  | Identified the ring of Pyromania {Fly rElec rPois rF-
                  | rN+++}
 56231 | Slime:5  | Identified the ring "Ubyreobb" {rElec AC+4 Str+2}
 56250 | Slime:5  | Found the +3 sling "Punk" {acid, rCorr}
 56292 | Slime:5  | Identified the +4 double sword of Awkwardness {vorpal,
                  | Str+2 Stlth+}
 56303 | Slime:5  | Got a slimy rune of Zot
 56932 | Orc:2    | Bought a potion of resistance for 330 gold pieces
 56938 | Orc:2    | Bought a potion of curing for 48 gold pieces
 56938 | Orc:2    | Bought a potion of heal wounds for 80 gold pieces
 57176 | D:11     | Killed Snorg
 57827 | Depths:4 | You paid a toll of 5 potions of resistance to enter a
                  | treasure trove
 57828 | Trove    | Entered a treasure trove
 57833 | Trove    | Found the +3 hat of Pondering {ponderous, Will+ MP+10
                  | Int+5}
 57835 | Trove    | Identified the +3 tower shield "Roowats" {Str+4 Dex+4}
 57840 | Trove    | Identified the +2 kite shield of the Disturbing Wishes
                  | {rPois rC+ Int+2 Dex+2}
 57841 | Trove    | Identified the ring of Usorus {*Slow rElec rPois Will++
                  | MP+9}
 57952 | Zot:1    | Entered Level 1 of the Realm of Zot
 57952 | Zot:1    | You fall into a shaft and drop 1 floor!
 58271 | Zot:2    | Noticed an orb of fire
 58275 | Zot:2    | Identified the +9 war axe of Limitation {vorpal, Str+4}
                  | (Trog gifted it to you on level 2 of the Realm of Zot)
 58275 | Zot:2    | Received a gift from Trog
 58276 | Zot:2    | Gained mutation: You tend to lose your temper in combat.
                  | [an orb of fire]
 58279 | Zot:2    | Gained mutation: You are frail. (-10% HP) [an orb of fire]
 58285 | Zot:2    | Gained mutation: You sometimes lose the ability to read
                  | scrolls when taking damage. [an orb of fire]
 58288 | Zot:2    | Gained mutation: You have hidden genetic defects. [an orb
                  | of fire]
 58294 | Zot:2    | Killed an orb of fire
 58502 | Zot:1    | Reached XP level 24. HP: 213/224 MP: 1/19
 58687 | Zot:1    | Gained mutation: You are weak. (Str -2) [hidden defects]
 60471 | Zot:2    | Gained mutation: You have terrible hidden genetic defects.
                  | [hidden defects]
 60471 | Zot:2    | Lost mutation: You have terrible hidden genetic defects.
                  | [hidden defects expressed]
 60472 | Zot:2    | Lost mutation: Your magical capacity is low. (-10% MP)
                  | [potion of mutation]
 60472 | Zot:2    | Lost mutation: You are dopey. (Int -2) [potion of mutation]
 60472 | Zot:2    | Lost mutation: You have hidden genetic defects. [potion of
                  | mutation]
 60473 | Zot:2    | Lost mutation: You sometimes lose the ability to read
                  | scrolls when taking damage. [potion of mutation]
 60473 | Zot:2    | Lost mutation: You are weak. (Str -2) [potion of mutation]
 60473 | Zot:2    | Gained mutation: You have large cloven feet. [potion of
                  | mutation]
 60473 | Zot:2    | Lost mutation: You are clumsy. (Dex -2) [potion of
                  | mutation]
 60473 | Zot:2    | Gained mutation: Your muscles are strong. (Str +2) [potion
                  | of mutation]
 60942 | Zot:3    | Lost mutation: You are frail. (-10% HP) [potion of
                  | mutation]
 60942 | Zot:3    | Lost mutation: You tend to lose your temper in combat.
                  | [potion of mutation]
 60942 | Zot:3    | Lost mutation: Your muscles are strong. (Str +2) [potion of
                  | mutation]
 60942 | Zot:3    | Gained mutation: You are weak. (Str -2) [potion of
                  | mutation]
 60942 | Zot:3    | Gained mutation: Your spells are a little easier to cast,
                  | but a little less powerful. [potion of mutation]
 60942 | Zot:3    | Lost mutation: Your spells are a little easier to cast, but
                  | a little less powerful. [potion of mutation]
 61113 | Zot:3    | Found Ukhiym's Changing Room.
 61139 | Zot:3    | Bought a potion of mutation for 160 gold pieces
 61381 | Zot:3    | Identified the +4 hand crossbow of Yxkerhu {vorpal, rN+
                  | Str-3 Dex+3}
 62752 | Zot:5    | Entered Level 5 of the Realm of Zot
 63243 | Zot:5    | Received a gift from Trog
 63548 | Zot:5    | Reached XP level 25. HP: 257/257 MP: 4/22
 63548 | Zot:5    | Noticed a Killer Klown
 63561 | Zot:5    | Killed a Killer Klown
 63581 | Zot:5    | Noticed a Killer Klown
 63592 | Zot:5    | Killed a Killer Klown
 64327 | Zot:5    | Noticed an ancient lich
 64329 | Zot:5    | Noticed a Killer Klown
 64351 | Zot:5    | Killed an ancient lich
 64403 | Zot:5    | Killed a Killer Klown
 64423 | Zot:5    | Noticed a Killer Klown
 64425 | Zot:5    | Noticed an orb of fire
 64429 | Zot:5    | Gained mutation: You are frail. (-10% HP) [an orb of fire]
 64441 | Zot:5    | Gained mutation: Armour fits poorly on your strangely
                  | shaped body. [an orb of fire]
 64442 | Zot:5    | Gained mutation: You are occasionally teleported next to
                  | monsters. [an orb of fire]
 64445 | Zot:5    | Gained mutation: You are dopey. (Int -2) [an orb of fire]
 64449 | Zot:5    | Gained mutation: You are clumsy. (Dex -2) [an orb of fire]
 64454 | Zot:5    | Gained mutation: You do not regenerate when monsters are
                  | visible. [an orb of fire]
 64465 | Zot:5    | Killed an orb of fire
 64485 | Zot:5    | Killed a Killer Klown
 64540 | Zot:5    | Noticed a Killer Klown
 64540 | Zot:5    | Noticed a Killer Klown
 64540 | Zot:5    | Noticed a dread lich
 64540 | Zot:5    | Noticed an ancient lich
 64540 | Zot:5    | Noticed an orb of fire
 64540 | Zot:5    | Noticed an orb of fire
 64591 | Zot:3    | Lost mutation: You are frail. (-10% HP) [potion of
                  | mutation]
 64591 | Zot:3    | Lost mutation: You are occasionally teleported next to
                  | monsters. [potion of mutation]
 64591 | Zot:3    | Lost mutation: Armour fits poorly on your strangely shaped
                  | body. [potion of mutation]
 64591 | Zot:3    | Gained mutation: You are robust. (+10% HP) [potion of
                  | mutation]
 64591 | Zot:3    | Gained mutation: You sometimes lose the ability to read
                  | scrolls when taking damage. [potion of mutation]
 64592 | Zot:3    | Lost mutation: You sometimes lose the ability to read
                  | scrolls when taking damage. [potion of mutation]
 64592 | Zot:3    | Lost mutation: You have large cloven feet. [potion of
                  | mutation]
 64592 | Zot:3    | Lost mutation: You are robust. (+10% HP) [potion of
                  | mutation]
 64592 | Zot:3    | Gained mutation: Your spells are a little easier to cast,
                  | but a little less powerful. [potion of mutation]
 64592 | Zot:3    | Lost mutation: You do not regenerate when monsters are
                  | visible. [potion of mutation]
 65374 | Orc:2    | Bought a potion of magic for 128 gold pieces
 65374 | Orc:2    | Bought a potion of mutation for 128 gold pieces
 65679 | Depths:2 | Killed a dread lich
 65692 | Depths:2 | Killed an ancient lich
 65698 | Depths:2 | Killed an ancient lich
 65715 | Depths:2 | Killed Ziziph's ghost
 65730 | Depths:2 | Killed Nats's ghost
 65747 | Depths:2 | Identified the +1 cloak of Amorality {Harm +Blink rElec
                  | Stlth+}
 65750 | Depths:2 | Identified the ring "Beffu" {rC+ Str+6 Int-3 Stlth+}
 66792 | Zot:4    | Reached skill level 27 in Armour
 67308 | Zot:5    | Noticed a Killer Klown
 67324 | Zot:5    | Killed a Killer Klown
 67412 | Zot:5    | Noticed an orb of fire
 67417 | Zot:5    | Gained mutation: You tend to lose your temper in combat.
                  | [an orb of fire]
 67423 | Zot:5    | Gained mutation: You are very weak. (Str -4) [an orb of
                  | fire]
 67428 | Zot:5    | Gained mutation: You are very clumsy. (Dex -4) [an orb of
                  | fire]
 67429 | Zot:5    | Noticed an orb of fire
 67767 | Zot:4    | Killed an orb of fire
 68008 | Zot:5    | Killed a Killer Klown
 68265 | Zot:5    | Got the Orb of Zot
 68610 | Depths:1 | Reached XP level 26. HP: 162/266 MP: 4/22
 68976 | D:$      | Escaped with the Orb!

Illustrated notes

Levels and vault maps discovered:
D:1:      lightli_arrival_lavapool, layout_loops_ring,
          hellmonk_ecumenical_altar_inner_sanctum, chequers_avenue,
          chequers_serial_rivers_small_b, minmay_tetromino_l4
D:2:      cheibrodos_pilgrimage, layout_basic, uniq_jessica, uniq_terence
D:3:      layout_loops_ring, serial_shops, nicolae_shop_bloodbath_and_beyond,
          uniq_crazy_yiuf_cottage
D:4:      layout_basic, serial_aquarium, aquarium_bridge_square
          [aquarium_subvault_wall, aquarium_subvault_bridge,
          aquarium_subvault_bridge, aquarium_subvault_balcony],
          aquarium_window_corridor_1, aquarium_window_fake,
          aquarium_window_double, aquarium_window_1, aquarium_view_2d,
          aquarium_view_2g, aquarium_pool_four, uniq_ijyb
D:5:      layout_basic
D:6:      layout_gridville, nicolae_tso_swordbearing_angel,
          minmay_temple_entry_stoned_glass
D:7:      layout_gridville, uniq_harold, uniq_duvessa
D:8:      layout_rooms, uniq_erica
D:9:      layout_cave_pools, david_orc_1_choice, ebering_ghost_gozag,
          serial_gnoll_camp, gnoll_camp_medium_01, gnoll_camp_huts_moat,
          gnoll_camp_mini_loothouse, gnoll_camp_mini_shop, gnoll_camp_mini_shop
D:10:     layout_loops_ring, erik_lair_orcish_takeover, gammafunk_ghost_grave
D:11:     layout_basic, chequers_serial_rivers_room_a, uniq_gastronok,
          uniq_psyche, uniq_snorg, uniq_maurice
D:12:     layout_grid_maze, uniq_josephine
D:13:     cheibrodos_wizards_tower, layout_stronghold,
          skrybe_vaults_entry_preservation
D:14:     layout_grid_maze, kiku_gazebo_garden_becter
D:15:     hangedman_spin_cycle
Lair:1:   layout_chaotic_city, serial_bayou_shore_b
Lair:2:   layout_gridlike, dummy_snake_entry, lemuel_fruit_tree
Lair:3:   layout_cave_pods, basic_altar, minivault_26
Lair:4:   layout_gridlike, nicolae_swamp_entry_splash_gauntlet
Lair:5:   regret_index_wax_grids, layout_hall_layers,
          nicolae_slime_entry_slimehenge, gammafunk_ghost_necromancy, uniq_urug
Lair:6:   hellmonk_lair_end_abyssal_woods, layout_small_grid,
          nicolae_lair_lindhole, serial_bayou_shore_b
Swamp:1:  layout_basic_swamp, portal_ice_cave_entry_ugly_swarm,
          evilmike_swamp_ruin_house_5
Swamp:2:  layout_basic_swamp, evilmike_swamp_ruin_house_3
Swamp:3:  layout_falls_marsh, nicolae_swamp_tree_designs, swamp_pool5,
          hangedman_swamp_phenomena
Swamp:4:  nzn_swamp_witches_coven, layout_basic_swamp, swamp_pool1,
          nicolae_swamp_trees_clearing
Snake:1:  layout_gridlike, serial_shops, shop, drop_trap, serial_bayou_crossing,
          grunt_megastairs_4
Snake:2:  layout_basic, grunt_ministairs_1, uniq_asterion
Snake:3:  layout_rooms, hellmonk_ghost_happy_afterlife,
          amcnicky_altar_lugonu_corruption
Snake:4:  minmay_snake_end_coiled, layout_grid_shapes, serial_shops,
          nicolae_shop_statue_plus, nicolae_diamond_shop
Slime:1:  layout_caves
Slime:2:  cheibrodos_slime_lost_civilization_9, layout_caves
Slime:3:  layout_caves
Slime:4:  layout_caves, nicolae_slime_phagocytosis
Slime:5
Orc:1:    hellmonk_paralyzer, layout_diamond_mine, serial_shops,
          nicolae_lakefront_shop, kennysheep_orc_sif_temple
Orc:2:    grunt_orc_tribal_feast, layout_diamond_mine, gammafunk_ghost_cemetery,
          okawaru_metal_pillars_1_2
Elf:1:    eino_elf_arrival_shootout, layout_gridlike, minmay_elf_necromancy,
          grunt_megastairs_1
Elf:2:    elven_hall_of_blades_hangedman_original [nicolae_blade_little_rooms],
          layout_loops_cross, basic_altar
Elf:3:    minmay_elf_hall_spiked, layout_rooms, basic_altar, minivault_19
Vaults:1: portal_desolation_entry_twin_temple,
          nicolae_vaults_windows_and_doors_thing, v_alt_pattern_1,
          vaults_dpeg_spiral, nicolae_vaults_network_periphery,
          nicolae_vaults_back_hallway, vaults_room_hallway, v_misc_3,
          hangedman_vaults_capsules, vaults_dpeg_cross, v_pattern_2,
          nicolae_vaults_network_star, vaults_room_pool,
          layout_vaults_omnicross, serial_shops, nicolae_diamond_shop
Vaults:2: grunt_vaults_twisty, hangedman_vaults_corner_blocks,
          nicolae_vaults_angled_halls, ontoclasm_vaults_eye,
          hangedman_vaults_restitches, nicolae_vaults_three_branches,
          vaults_room_door_ring, hangedman_vaults_stretched_pinwheel,
          nicolae_vaults_puzzle_piece, vaults_room_ringed_pool,
          nicolae_vaults_little_squares_2, vaults_standard_mumra_x,
          layout_vaults_omnibox, serial_shops, shop, uniq_margery
Vaults:3: nzn_ghost_randoct, minmay_crypt_entry_necro_gods,
          hangedman_vaults_trim, nicolae_vaults_little_squares_4, v_misc_30,
          v_alt_pattern_6, nicolae_vaults_angled_halls, layout_vaults_omnigrid,
          uniq_boris
Vaults:4: nicolae_vaults_arrows, nicolae_vaults_big_angled_halls,
          nicolae_vaults_yaktaur_gun_rack, vaults_room_stairs_pillars,
          vaults_mumra_hexcomb, vaults_mumra_minichess, vaults_room_semicircle,
          vaults_room_door_hall, vaults_dpeg_diagonal,
          nicolae_vaults_network_square, layout_vaults_big_room
Depths:1: dpeg_oklob_gauntlet, layout_gridville, enter_ziggurat_c,
          grunt_mini_vestibule, minmay_misc_feat_square,
          abyss_entry_small_statue_room, chequers_serial_rivers_large_a,
          hangedman_decor_clover_reticule, nicolae_dithmenos_shadow_blocks
Depths:2: nzn_winding_woodlands_cross [nzn_winding_woodlands_5x15_crooked,
          nzn_winding_woodlands_5x15_pool, nzn_winding_woodlands_5x15_eye,
          nzn_winding_woodlands_5x15_pathside_ponds,
          nzn_winding_woodlands_15x15_boxy_spiral], layout_basic,
          abyss_entry_glasseish, corexii_leaking_fountain, hell_entry,
          rand_demon_pan_entry_7, gammafunk_ghost_crypt,
          infiniplex_staircase_trident
Depths:3: hangedman_cross_cluster, layout_gridville, serial_shops,
          bzr_entry_lakeside, chequers_serial_rivers_micro_a,
          hangedman_tar_grid_catacomb, nicolae_abyss_entry_one_way_or_another,
          hangedman_abyss_or_decor_slice, uniq_sojobo, uniq_frederick
Depths:4: grunt_crosshair, layout_gridlike, hell_entry,
          nicolae_trove_entry_columns, columned_hall_lemuel
Zot:1:    grunt_twist_and_shout, layout_onion
Zot:2:    layout_cathedral_of_symmetry, zot_minivault_1
Zot:3:    layout_cathedral_of_symmetry, nicolae_transmutations_shop,
          grunt_ministairs_11, st_small_dragon_hoard_3
Zot:4:    layout_basic, zot_minivault_3
Zot:5:    layout_cellular_growth, st_stairs_14, grunt_megastairs_5

Skill      XL: |  1  2  3  4  5  6  7  8  9 10 11 12 13 14 15 16 17 18 19 20 21 22 23 24 25 |
---------------+----------------------------------------------------------------------------+-----
Fighting       | 4 5 6 7 8 9 10 11 13 14 15 16 18 19 20 21 25 27 | 27.0
Axes           | 4 5 7 10 11 13 14 16 17 18 20 22 23 | 23.2
Armour         | 3 4 5 7 8 9 10 11 12 14 15 16 18 19 20 21 22 24 27 | 27.0
Dodging        | 3 4 5 6 7 8 9 10 12 13 15 17 19 20 | 20.8
Evocations     | 2 4 5 6 8 9 10 | 10.0
Shields        | 6 9 12 13 15 16 17 18 19 20 21 24 25 26 | 26.8
Bows           | 1 5 |  5.0
Crossbows      | 3 7 9 10 | 10.0

Action                   |  1- 3 |  4- 6 |  7- 9 | 10-12 | 13-15 | 16-18 | 19-21 | 22-24 | 25-27 || total
-------------------------+-------+-------+-------+-------+-------+-------+-------+-------+-------++-------
Melee: Hand axe          |    32 |   139 |   279 |    21 |       |       |       |  1843 |   624 ||  2938
       Headbutt          |     4 |    21 |    62 |    83 |   217 |   320 |   434 |   845 |   230 ||  2216
       Punch             |     1 |       |     3 |     2 |       |       |       |       |       ||     6
       Broad axe         |       |       |       |   393 |   794 |  1227 |  1388 |   320 |    10 ||  4132
       Trident           |       |       |       |       |       |    23 |       |       |       ||    23
 Fire: Hand crossbow     |       |       |       |       |       |    45 |       |    59 |   114 ||   218
Throw: Stone             |       |       |       |     6 |       |       |       |       |       ||     6
       Throwing net      |       |       |       |     1 |       |       |       |       |       ||     1
Invok: Berserk           |     1 |     1 |     4 |     2 |     3 |     2 |     1 |     1 |     1 ||    16
       Trog's Hand       |       |     1 |     4 |     7 |     9 |    25 |    19 |    17 |     9 ||    91
       Brothers in Arms  |       |       |       |     1 |     6 |    11 |     4 |    14 |     5 ||    41
Evoke: Wand              |       |       |       |     2 |       |     3 |       |     1 |     2 ||     8
       Phial of floods   |       |       |       |       |       |       |       |       |     1 ||     1
  Use: Scroll            |       |       |     3 |     5 |    10 |    11 |     8 |     8 |     5 ||    50
       Potion            |       |       |     1 |       |     1 |     3 |     1 |     7 |     7 ||    20
 Stab: Distracted        |       |       |       |       |     2 |       |     1 |    52 |    27 ||    82
Armor: Scale mail        |    11 |    46 |    80 |    49 |       |       |       |       |       ||   186
       Chain mail        |       |       |       |   158 |   360 |   363 |       |       |       ||   881
       Skin              |       |       |       |    14 |       |       |       |       |       ||    14
       Plate armour      |       |       |       |       |       |    53 |   276 |   527 |   147 ||  1003
Dodge: Dodged            |    15 |    88 |   133 |   247 |   312 |   325 |   302 |   575 |   168 ||  2165
Block: Other             |       |       |    39 |     4 |       |       |       |       |       ||    43
       Reflection        |       |       |     2 |       |       |       |       |       |       ||     2
       Kite shield       |       |       |       |   131 |   480 |    92 |       |       |       ||   703
       Tower shield      |       |       |       |       |       |   877 |  1173 |  2006 |   503 ||  4559

Table legend: (Time is in decaauts)
 A = Elapsed time spent in this place.
 B = Non-inter-level travel time spent in this place.
 C = Inter-level travel time spent in this place.
 D = Time resting spent in this place.
 E = Time spent auto-exploring this place.
 F = Levels seen in this place.
 G = Mean time per level.
                   A        B        C        D        E       F      G
               +--------+--------+--------+--------+--------+-----+--------+
         Total |  68155 |  60360 |   7795 |  15114 |  25473 |  57 | 1195.7 |
       Dungeon |  19486 |  16644 |   2842 |   4447 |   8639 |  15 | 1299.1 |
          Lair |   8205 |   6741 |   1464 |   1276 |   3837 |   6 | 1367.5 |
         Swamp |   4401 |   4227 |    174 |   1132 |   1615 |   4 | 1100.2 |
     Snake Pit |   4579 |   4355 |    224 |   1178 |   1495 |   4 | 1144.8 |
    Slime Pits |   1962 |   1893 |     69 |    545 |    329 |   5 |  392.4 |
  Orcish Mines |   2153 |   1703 |    450 |    217 |   1050 |   2 | 1076.5 |
   Elven Halls |   3002 |   2714 |    288 |    420 |   1183 |   3 | 1000.7 |
        Vaults |   6872 |   6148 |    724 |   1430 |   2382 |   4 | 1718.0 |
        Depths |   6868 |   5925 |    943 |   1640 |   2198 |   4 | 1717.0 |
           Zot |   8389 |   7775 |    614 |   2337 |   2218 |   5 | 1677.8 |
         Abyss |     68 |     68 |      0 |      0 |      0 |   1 |   68.0 |
        Bazaar |    121 |    121 |      0 |      0 |     89 |   1 |  121.0 |
         Trove |     61 |     61 |      0 |      0 |      0 |   1 |   61.0 |
      Ice Cave |    905 |    905 |      0 |    314 |    177 |   1 |  905.0 |
    Desolation |   1077 |   1077 |      0 |    176 |    258 |   1 | 1077.0 |
               +--------+--------+--------+--------+--------+-----+--------+

Top non-repeatable levels by time:
Depths:3: 2259 daAuts
    D:15: 2166 daAuts
   Zot:2: 1960 daAuts
     D:9: 1952 daAuts
Vaults:1: 1944 daAuts
   Zot:4: 1920 daAuts
   Zot:5: 1870 daAuts
Vaults:3: 1867 daAuts
   Zot:3: 1797 daAuts
Depths:4: 1738 daAuts
Vaults:2: 1728 daAuts
  Lair:4: 1721 daAuts
    D:12: 1646 daAuts
 Swamp:4: 1592 daAuts
  Lair:5: 1535 daAuts
